 Seeded DCSS version 0.29-a0-378-gc08b2e8bf8 (webtiles) character file.

Game seed: 13605594255664981076 (custom seed)

377 thiscave3701365 the Chopper (level 6, -2/56 HPs)
             Began as a Minotaur Berserker on May 4, 2022.
             Was a Believer of Trog.
             Slain by a yak (8 damage)
             ... on level 6 of the Dungeon.
             The game lasted 00:01:58 (3688 turns).

thiscave3701365 the Chopper (Minotaur Berserker)    Turns: 3688, Time: 00:01:58

Health: -2/56      AC: 10    Str: 24    XL:     6   Next: 45%
Magic:  5/5        EV:  9    Int:  4    God:    Trog [**....]
Gold:   142        SH:  0    Dex:  9    Spells: 5/5 levels left

rFire   . . .      SeeInvis .   a - +0 hand axe
rCold   . . .      Faith    .   (no shield)
rNeg    . . .      Spirit   .   o - +1 chain mail {rPois}
rPois   +          Reflect  .   (helmet restricted)
rElec   .          Harm     .   (no cloak)
rCorr   .          Rampage  .   (no gloves)
Will    .....                   (no boots)
Stlth   ..........              (no amulet)
HPRegen 0.18/turn               (no ring)
MPRegen 0.09/turn               (no ring)

@: on berserk cooldown
A: horns 2, retaliatory headbutt
a: Renounce Religion, Berserk, Trog's Hand


You were on level 6 of the Dungeon.
You worshipped Trog.
Trog was pleased with you.
You visited 1 branch of the dungeon, and saw 6 of its levels.

You collected 142 gold pieces.

Inventory:

Hand Weapons
 a - a +0 hand axe (weapon)
Armour
 b - a +0 animal skin
 o - a +1 chain mail of poison resistance (worn)
Jewellery
 q - a ring of protection from cold
Scrolls
 d - a scroll of immolation {unknown}
 e - 5 scrolls of identify {unknown}
 g - a scroll of blinking {unknown}
 h - 2 scrolls of fog {unknown}
 i - a scroll of vulnerability {unknown}
 k - a scroll of poison {unknown}
 p - a scroll of torment {unknown}
 r - a scroll of teleportation {unknown}
Potions
 c - a potion of brilliance {unknown}
 f - 2 potions of haste {unknown}
 j - a potion of magic {unknown}
 l - a potion of might {unknown}
 m - a potion of ambrosia {unknown}
 n - a potion of flight {unknown}


   Skills:
 + Level 5.2 Fighting
 + Level 5.9 Axes
 + Level 4.4 Armour
 + Level 3.8 Dodging
 + Level 0.2 Stealth


You had 5 spell levels left.
You didn't know any spells.
Your spell library was empty.

Dungeon Overview and Level Annotations

Branches:
Dungeon (7/15)
 Temple: D:4-7

Altars:
Makhleb
Uskayaw


Innate Abilities, Weirdness & Mutations

You have a pair of horns on your head.
You reflexively headbutt those who attack you in melee.


Message History

Reactivating autopickup.
Found a ring mail.
There is a stone staircase leading down here.
You hit the yak. Your headbutt misses the yak.
The yak is lightly wounded.
You hit the orc. The yak gores you. The orc hits you with a +0 flail!
You hit the yak.
The yak is moderately wounded.
You hit the orc but do no damage. The yak gores you.
The orc hits you but does no damage. The yak closely misses you.
You furiously retaliate!
You headbutt the yak. The orc hits you with a +0 flail.
* * * LOW HITPOINT WARNING * * *
You hit the yak. Your headbutt misses the yak.
The yak is heavily wounded.
You closely miss the orc. The yak gores you.
* * * LOW HITPOINT WARNING * * *
The orc barely misses you. You furiously retaliate!
You headbutt the orc. You barely miss the yak.
The yak is heavily wounded.
You hit the orc. The yak gores you.
* * * LOW HITPOINT WARNING * * *
The orc hits you but does no damage. The orc closely misses you.
The yak gores you but does no damage.
You slash the yak!
The yak is severely wounded.
You hit the orc.
You kill the orc!
Trog accepts your kill. The yak gores you but does no damage.
You slash the yak! You headbutt the yak, but do no damage.
The yak is almost dead.
You feel yourself speed up. The yak gores you.
* * * LOW HITPOINT WARNING * * *
The yak gores you but does no damage.
You barely miss the yak.
The yak is almost dead.
The yak gores you!
You die...

#########
#@)....[.
#Y#######
#.# #.#
..# ..+
... ....


You could see a yak.

Vanquished Creatures
  A wyvern (D:7)
  A centaur (D:7)
  An iguana (D:3)
  An orc wizard (D:3)
  4 gnolls (D:2)
  2 adders (D:2)
  6 orcs
  3 endoplasms
  3 giant cockroaches
  7 goblins
  4 hobgoblins
  3 jackals (D:1)
  8 ball pythons
  A bat (D:3)
  3 frilled lizards
  4 kobolds
  7 rats
59 creatures vanquished.

Notes
Turn   | Place    | Note
-------+----------+-------------------------------------------
     0 | D:1      | thiscave3701365 the Minotaur Berserker began the quest for
                  | the Orb.
     0 | D:1      | Reached XP level 1. HP: 19/19 MP: 0/0
   330 | D:1      | Found a faded altar of an unknown god.
   390 | D:1      | Reached XP level 2. HP: 27/27 MP: 1/1
   789 | D:2      | Reached ** piety under Trog
   918 | D:2      | Reached XP level 3. HP: 33/33 MP: 2/2
  1050 | D:2      | Reached XP level 4. HP: 35/41 MP: 3/3
  2684 | D:3      | Reached XP level 5. HP: 47/47 MP: 4/4
  2800 | D:3      | Found a burning altar of Makhleb.
  2800 | D:3      | Found a hide-covered altar of Uskayaw.
  3656 | D:4      | Noticed an ogre
  3656 | D:4      | You fall into a shaft and drop 3 floors!
  3656 | D:7      | Noticed a wyvern
  3656 | D:7      | Noticed a centaur
  3662 | D:7      | Killed a wyvern
  3663 | D:7      | Reached skill level 5 in Fighting
  3663 | D:7      | Reached skill level 5 in Axes
  3663 | D:7      | Reached XP level 6. HP: 56/56 MP: 5/5
  3667 | D:7      | Noticed a yak
  3667 | D:7      | Noticed an orc warrior
  3668 | D:7      | Noticed a vampire mosquito
  3688 | D:6      | Slain by a yak

Illustrated notes

Levels and vault maps discovered:
D:1:      wander_arrival_lonely_grave, layout_basic,
          ebering_ecumenical_altar_rust
D:2:      layout_basic, minmay_misc_feat_tower, grunt_decor_mini_mirrors
D:3:      layout_basic, mainiacjoe_overflow_divided_tiny
D:4:      layout_loops_ring, grunt_temple_overflow_opulence,
          general_overflow_altar, mainiacjoe_overflow_24_doors, temple_doors_ab
D:6:      layout_basic, serial_shops, nicolae_shop_behind_doors,
          minmay_increasing_density
D:7:      layout_basic, nicolae_ossuary_entry_giza, minmay_manual_mess

Skill      XL: |  1  2  3  4  5 |
---------------+----------------+-----
Fighting       | 4 5 |  5.2
Axes           | 4 5 |  5.9
Armour         | 3 4 |  4.4
Dodging        | 3 |  3.8
Stealth        | |  0.2

Action                   |  1- 3 |  4- 6 || total
-------------------------+-------+-------++-------
Melee: Hand axe          |    56 |    72 ||   128
       Headbutt          |    11 |     9 ||    20
       Punch             |       |     1 ||     1
Invok: Berserk           |     1 |     4 ||     5
Armor: Animal skin       |     5 |     1 ||     6
       Chain mail        |       |    38 ||    38
Dodge: Dodged            |    43 |    44 ||    87

Table legend: (Time is in decaauts)
 A = Elapsed time spent in this place.
 B = Non-inter-level travel time spent in this place.
 C = Inter-level travel time spent in this place.
 D = Time resting spent in this place.
 E = Time spent auto-exploring this place.
 F = Levels seen in this place.
 G = Mean time per level.
                   A        B        C        D        E       F      G
               +--------+--------+--------+--------+--------+-----+--------+
         Total |   3731 |   3557 |    174 |    867 |   2342 |   6 |  621.8 |
       Dungeon |   3731 |   3557 |    174 |    867 |   2342 |   6 |  621.8 |
               +--------+--------+--------+--------+--------+-----+--------+

Top non-repeatable levels by time:
     D:2: 1642 daAuts
     D:3: 1297 daAuts
     D:1: 756 daAuts
     D:7: 24 daAuts
     D:6: 10 daAuts
